Jets vs Avalanche (R1)

Created - 22 novembre 2015 at 00:16

Goals
1 2 3 T
Jets 2 0 3 5
Avalanche 2 1 0 3
Shots
1 2 3 T
Jets 9 3 18 30
Avalanche 12 6 9 27

1st period

1. Jets , Dustin Brown 9 (Benoit Pouliot, Anton Volchenkov) at 8:39
2. Avalanche , Ryan Getzlaf 7 (Mikkel Boedker) at 9:57
3. Jets , Mikko Koivu 6 (Jarome Iginla) at 14:18
4. Avalanche , Jason Pominville 8 (Bryan Little) at 16:11 (PP)

Penalties :
Shane O'Brien (Col) for Holding (Minor) at 1:26, Maxime Daigneault (Win) for Slashing (Minor) at 3:08 - Dmitri Kalinin served the penalty, Mikko Koivu (Win) for Holding (Minor) at 15:04, Corey Perry (Col) for Roughing (Minor) at 17:55

2nd period

5. Avalanche , Mike Comrie 6 (Brandon Yip) at 17:38

Penalties :
Max Pacioretty (Col) for Interference (Minor) at 3:12, Blair Betts (Win) for Cross-checking (Minor) at 6:00, Dmitri Kalinin (Win) for High sticking (Minor) at 10:59, Anton Volchenkov (Win) for High sticking (Minor) at 14:48

3rd period

6. Jets , Jussi Jokinen 8 (Adam Pardy, Jarome Iginla) at 4:32
7. Jets , Mikko Koivu 7 (Jussi Jokinen, Tomas Kopecky) at 9:46
8. Jets , Dustin Brown 10 (Jussi Jokinen, Anton Volchenkov) at 19:58 (Empty Net)

Penalties :
Andrew Ladd (Col) for Interference (Minor) at 10:10

Goalie Stats

Maxime Daigneault (Win), 24 saves from 27 shots - (0,889), W, 8-5-0, 60:00 minutes
Jimmy Howard (Col), 25 saves from 29 shots - (0,862), L, 7-6-2, 59:47 minutes

Players Stats for Jets

Player Name              G  A  P  +/- PIM S  H  SB GA TA FO     MP     PP MP  PK MP  
------------------------------------------------------------------------------------
Adam Pardy               0  1  1   1  0   0  0  1  0  2  0/0    15:09   0:00   4:37 
Andrei Markov            0  0  0  -1  0   1  0  1  1  0  0/0    22:26   4:51   4:22 
Anton Volchenkov         0  2  2   2  2   1  1  0  0  0  0/0    26:06   2:48   3:13 
Benoit Pouliot           0  1  1   0  0   2  4  1  0  0  0/2    20:40   4:50   0:51 
Blair Betts              0  0  0   0  2   1  0  0  0  0  2/2     6:16   0:00   0:09 
Chris Phillips           0  0  0   1  0   0  2  1  0  0  0/0    18:20   2:48   3:18 
Curtis Glencross         0  0  0   0  0   0  0  0  0  0  0/0     6:04   0:00   0:00 
Darroll Powe             0  0  0  -1  0   1  0  0  0  0  9/16   15:36   0:00   5:04 
Derek Roy                0  0  0   0  0   1  1  0  2  0  13/33  22:32   4:50   2:36 
Dmitri Kalinin           0  0  0   3  2   0  2  3  0  0  0/0    25:49   4:51   2:02 
Dustin Brown             2  0  2   1  0   6  4  1  2  0  1/3    23:18   4:50   2:32 
Eric Fehr                0  0  0   0  0   2  0  0  0  0  0/0     6:04   0:00   0:00 
Fredrik Sjostrom         0  0  0   0  0   1  1  0  0  0  0/0    11:00   0:00   1:15 
Jarome Iginla            0  2  2   2  0   2  1  1  0  1  0/0    19:27   2:49   5:05 
Jussi Jokinen            1  2  3   4  0   4  0  0  0  0  0/0    14:38   2:49   0:00 
Marco Scandella          0  0  0  -1  0   3  3  0  0  0  0/0    13:10   0:00   0:00 
Mikko Koivu              2  0  2   4  2   3  1  1  0  1  6/13   14:37   2:49   0:00 
Tomas Kopecky            0  1  1   0  0   2  0  0  1  0  1/1     9:41   0:00   0:00 

Players Stats for Avalanche

Player Name              G  A  P  +/- PIM S  H  SB GA TA FO     MP     PP MP  PK MP  
------------------------------------------------------------------------------------
Andrew Ladd              0  0  0  -1  2   0  1  0  0  0  2/3    15:44   0:09   2:20 
Brandon Yip              0  1  1   1  0   0  1  0  0  1  0/0     8:18   0:27   0:00 
Bryan Little             0  1  1  -2  0   2  3  0  0  1  9/13   16:25   3:20   0:14 
Chuck Kobasew            0  0  0  -1  0   1  0  1  0  0  0/0    12:53   0:09   4:19 
Corey Perry              0  0  0  -1  2   5  3  1  0  0  1/2    19:40   5:06   0:00 
Jack Johnson             0  0  0   0  0   0  2  1  0  0  0/0    20:25   4:59   3:55 
Jason Pominville         1  0  1  -2  0   3  1  0  0  0  4/5    16:26   3:18   0:00 
Marc Staal               0  0  0  -1  0   2  0  0  0  1  0/0    26:37   4:05   3:55 
Max Pacioretty           0  0  0  -1  2   0  0  0  0  0  0/2     8:40   0:00   0:23 
Michal Handzus           0  0  0  -1  0   3  3  0  0  1  4/7    10:53   0:00   2:35 
Mike Comrie              1  0  1   1  0   2  1  0  1  0  7/15   12:05   0:00   4:19 
Mikkel Boedker           0  1  1  -1  0   2  2  2  0  1  1/1    20:24   5:12   0:59 
Pernell Karl Subban      0  0  0  -1  0   0  1  1  1  0  0/0    23:01   3:47   0:54 
Randy Jones              0  0  0  -2  0   2  0  2  0  0  0/0    17:28   0:00   3:44 
Ryan Getzlaf             1  0  1  -1  0   3  1  0  1  0  10/22  19:25   5:12   0:00 
Ryan Smyth               0  0  0   0  0   1  0  1  0  0  0/0    11:03   3:20   0:09 
Sergei Gonchar           0  0  0   0  0   0  1  0  1  0  0/0    15:55   4:41   0:00 
Shane O'Brien            0  0  0  -2  2   1  0  2  0  1  0/0    16:38   0:05   2:50 

3 Stars

1 - Jussi Jokinen (Win)
2 - Dustin Brown (Win)
3 - Mikko Koivu (Win)

Power Play

Jets - 0 on 4 Attempt(s) - 0,00%
Avalanche - 1 on 5 Attempt(s) - 20,00%

Penalty Kill

Jets - 4 on 5 Attempt(s) - 80,00% - Score 0 goal in Penalty Kill
Avalanche - 4 on 4 Attempt(s) - 100,00% - Score 0 goal in Penalty Kill

Team Stat

Jets - Hits : 20 - Faceoff Wins : 32 - Blocked Shots : 10 - Penalty Minutes : 8
Avalanche - Hits : 20 - Faceoff Wins : 38 - Blocked Shots : 11 - Penalty Minutes : 8

Official

Referees : Fraser Kerry and Dwyer Gord
Linesman : Michel Cormier and Pierre Champoux

Game Notes

Dustin Brown has scored in a empty net!

Finance

Level 1 -- Attendance: 5485 (91,42%) -- Ticket Income 460 740 $
Level 2 -- Attendance: 4401 (88,02%) -- Ticket Income 220 050 $
Level 3 -- Attendance: 2000 (100,00%) -- Ticket Income 56 000 $
Level 4 -- Attendance: 4000 (100,00%) -- Ticket Income 72 000 $
Luxury Box -- Attendance: 940 (94,00%) -- Ticket Income 156 980 $
Game was played at the Pepsi Center'
Total Attendance: 16826 (93,48%)
Total Ticket Income: 965 770 $
Other Income: 144 866 $
Total Income: 1 110 636 $

Jets

5 vs 5 Forward 
   Center                   Left Wing                Right Wing               Time % Phy DF OF 
 1 Derek Roy                Benoit Pouliot           Dustin Brown             40     0   1  4  
 2 Mikko Koivu              Jussi Jokinen            Jarome Iginla            30     0   1  4  
 3 Darroll Powe             Fredrik Sjostrom         Tomas Kopecky            20     1   1  3  
 4 Blair Betts              Curtis Glencross         Eric Fehr                10     1   2  2  

5 vs 5 Defense 
   Defense                  Defense                                           Time % Phy DF OF 
 1 Dmitri Kalinin           Anton Volchenkov                                  40     1   2  2  
 2 Andrei Markov            Marco Scandella                                   30     1   2  2  
 3 Adam Pardy               Chris Phillips                                    20     1   2  2  
 4 Dmitri Kalinin           Anton Volchenkov                                  10     1   2  2  

PowerPlay Forward 
   Center                   Left Wing                Right Wing               Time % Phy DF OF 
 1 Derek Roy                Benoit Pouliot           Dustin Brown             60     1   1  3  
 2 Mikko Koivu              Jussi Jokinen            Jarome Iginla            40     1   1  3  

PowerPlay Defense
   Defense                  Defense                                           Time % Phy DF OF 
 1 Dmitri Kalinin           Andrei Markov                                     60     1   1  3  
 2 Anton Volchenkov         Chris Phillips                                    40     1   1  3  

Penalty Kill 4 Players Forward 
   Center                   Wing                     Time % Phy DF OF 
 1 Darroll Powe             Jarome Iginla            60     1   3  1  
 2 Derek Roy                Dustin Brown             40     1   3  1  

Penalty Kill 4 Players Defense
   Defense                  Defense                  Time % Phy DF OF 
 1 Dmitri Kalinin           Anton Volchenkov         60     1   3  1  
 2 Adam Pardy               Andrei Markov            40     1   3  1  

Penalty Kill - 3 Players Forward 
   Forward                                           Time % Phy DF OF 
 1 Jarome Iginla                                     60     1   3  1  
 2 Darroll Powe                                      40     1   3  1  

Penalty Kill - 3 Players Defense
   Defense                  Defense                  Time % Phy DF OF 
 1 Dmitri Kalinin           Anton Volchenkov         60     1   4  0  
 2 Adam Pardy               Andrei Markov            40     1   4  0  

4 vs 4 Forward 
   Center                   Wing                     Time % Phy DF OF 
 1 Derek Roy                Benoit Pouliot           60     1   2  2  
 2 Mikko Koivu              Dustin Brown             40     1   2  2  

4 vs 4 Defense
   Defense                  Defense                  Time % Phy DF OF 
 1 Dmitri Kalinin           Anton Volchenkov         60     1   2  2  
 2 Chris Phillips           Andrei Markov            40     1   2  2  

Last Minutes Offensive
   Center                   Left Wing                Right Wing               Defense                  Defense                  
   Derek Roy                Benoit Pouliot           Dustin Brown             Dmitri Kalinin           Anton Volchenkov         

Last Minutes Defensive
   Center                   Left Wing                Right Wing               Defense                  Defense                  
   Mikko Koivu              Jussi Jokinen            Dustin Brown             Dmitri Kalinin           Anton Volchenkov         

Goaltenders
Starting : Maxime Daigneault        
Backup : Ilya Bryzgalov           

Extra Forwards
Normal : Dustin Brown, Eric Fehr, Fredrik Sjostrom - PP : Derek Roy, Eric Fehr - PK : Fredrik Sjostrom
Extra Defensemen
Normal : Dmitri Kalinin, Anton Volchenkov, Chris Phillips - PP : Anton Volchenkov - PK : Dmitri Kalinin, Chris Phillips
Penalty Shots
Benoit Pouliot, Derek Roy, Dustin Brown, Mikko Koivu, Jussi Jokinen

Avalanche

5 vs 5 Forward 
   Center                   Left Wing                Right Wing               Time % Phy DF OF 
 1 Ryan Getzlaf             Mikkel Boedker           Corey Perry              35     1   2  2  
 2 Bryan Little             Andrew Ladd              Jason Pominville         35     1   2  2  
 3 Mike Comrie              Ryan Smyth               Brandon Yip              15     1   2  2  
 4 Michal Handzus           Max Pacioretty           Chuck Kobasew            15     1   2  2  

5 vs 5 Defense 
   Defense                  Defense                                           Time % Phy DF OF 
 1 Marc Staal               Pernell Karl Subban                               40     1   2  2  
 2 Sergei Gonchar           Jack Johnson                                      30     1   2  2  
 3 Randy Jones              Shane O'Brien                                     30     1   2  2  
 4 Marc Staal               Jack Johnson                                      0      1   2  2  

PowerPlay Forward 
   Center                   Left Wing                Right Wing               Time % Phy DF OF 
 1 Ryan Getzlaf             Mikkel Boedker           Corey Perry              60     1   2  2  
 2 Bryan Little             Ryan Smyth               Jason Pominville         40     1   2  2  

PowerPlay Defense
   Defense                  Defense                                           Time % Phy DF OF 
 1 Sergei Gonchar           Jack Johnson                                      60     1   2  2  
 2 Marc Staal               Pernell Karl Subban                               40     1   2  2  

Penalty Kill 4 Players Forward 
   Center                   Wing                     Time % Phy DF OF 
 1 Mike Comrie              Chuck Kobasew            60     1   2  2  
 2 Michal Handzus           Andrew Ladd              40     1   2  2  

Penalty Kill 4 Players Defense
   Defense                  Defense                  Time % Phy DF OF 
 1 Marc Staal               Jack Johnson             60     1   2  2  
 2 Shane O'Brien            Randy Jones              40     1   2  2  

Penalty Kill - 3 Players Forward 
   Forward                                           Time % Phy DF OF 
 1 Jason Pominville                                  60     1   2  2  
 2 Corey Perry                                       40     1   2  2  

Penalty Kill - 3 Players Defense
   Defense                  Defense                  Time % Phy DF OF 
 1 Marc Staal               Jack Johnson             60     1   2  2  
 2 Shane O'Brien            Pernell Karl Subban      40     1   2  2  

4 vs 4 Forward 
   Center                   Wing                     Time % Phy DF OF 
 1 Jason Pominville         Corey Perry              60     1   2  2  
 2 Michal Handzus           Mike Comrie              40     1   2  2  

4 vs 4 Defense
   Defense                  Defense                  Time % Phy DF OF 
 1 Marc Staal               Jack Johnson             60     1   2  2  
 2 Shane O'Brien            Pernell Karl Subban      40     1   2  2  

Last Minutes Offensive
   Center                   Left Wing                Right Wing               Defense                  Defense                  
   Ryan Getzlaf             Mikkel Boedker           Corey Perry              Marc Staal               Jack Johnson             

Last Minutes Defensive
   Center                   Left Wing                Right Wing               Defense                  Defense                  
   Mike Comrie              Andrew Ladd              Jason Pominville         Marc Staal               Jack Johnson             

Goaltenders
Starting : Jimmy Howard             
Backup : Semyon Varlamov          

Extra Forwards
Normal : Bryan Little, Brandon Yip, Mikkel Boedker - PP : Bryan Little, Brandon Yip - PK : Mikkel Boedker
Extra Defensemen
Normal : Pernell Karl Subban, Sergei Gonchar, Shane O'Brien - PP : Pernell Karl Subban - PK : Pernell Karl Subban, Shane O'Brien
Penalty Shots
Mikkel Boedker, Corey Perry, Ryan Smyth, Michal Handzus, Bryan Little

% Time on Ice - Jets

Lines # - Real PCT - Wanted PCT - Time Play
Normal Forward
1 - 37% - 40% - 15:33
2 - 26% - 30% - 10:53
3 - 23% - 20% - 9:41
4 - 14% - 10% - 6:04
Normal Defense
1 - 41% - 40% - 17:17
2 - 35% - 30% - 14:46
3 - 21% - 20% - 9:04
4 - 3% - 10% - 1:04
PP Forward
1 - 63% - 60% - 4:50
2 - 37% - 40% - 2:49
PP Defense
1 - 63% - 60% - 4:51
2 - 37% - 40% - 2:48
PK Forward
1 - 71% - 60% - 6:14
2 - 29% - 40% - 2:32
PK Defense
1 - 51% - 60% - 4:30
2 - 49% - 40% - 4:16
PK3 Forward
1 - 0% - 60%
2 - 0% - 40%
PK3 Defense
1 - 0% - 60%
2 - 0% - 40%
44 Forward
1 - 100% - 60% - 0:17
2 - 0% - 40% - 0:00
44 Defense
1 - 100% - 60% - 0:17
2 - 0% - 40% - 0:00
Last Minute Offensive  - 0:00
Last Minute Defensive  - 1:07
Total
Forward - 60:00
Defense - 60:00

% Time on Ice - Avalanche

Lines # - Real PCT - Wanted PCT - Time Play
Normal Forward
1 - 32% - 35% - 13:24
2 - 31% - 35% - 12:59
3 - 18% - 15% - 7:41
4 - 19% - 15% - 8:10
Normal Defense
1 - 42% - 40% - 17:46
2 - 30% - 30% - 12:33
3 - 28% - 30% - 11:55
4 - 0% - 0% - 0:00
PP Forward
1 - 62% - 60% - 5:26
2 - 38% - 40% - 3:20
PP Defense
1 - 57% - 60% - 4:59
2 - 43% - 40% - 3:47
PK Forward
1 - 66% - 60% - 5:04
2 - 34% - 40% - 2:35
PK Defense
1 - 51% - 60% - 3:55
2 - 49% - 40% - 3:44
PK3 Forward
1 - 0% - 60%
2 - 0% - 40%
PK3 Defense
1 - 0% - 60%
2 - 0% - 40%
44 Forward
1 - 100% - 60% - 0:17
2 - 0% - 40% - 0:00
44 Defense
1 - 100% - 60% - 0:17
2 - 0% - 40% - 0:00
Last Minute Offensive  - 1:04
Last Minute Defensive  - 0:00
Total
Forward - 60:00
Defense - 60:00

Play by Play

1st period


0:01 of 1st period - Ryan Getzlaf wins face-off versus Derek Roy in neutral zone.
0:48 of 1st period - Marco Scandella is hit by Mike Comrie and loses puck.
1:26 of 1st period - Minor Penalty to Shane O'Brien for Holding.
1:27 of 1st period - Mike Comrie wins face-off versus Derek Roy in Avalanche zone.
2:44 of 1st period - Icing by Derek Roy.
2:45 of 1st period - Andrew Ladd wins face-off versus Derek Roy in Jets zone.
2:46 of 1st period - Snap shot by Michal Handzus.
2:46 of 1st period - Stopped by Maxime Daigneault without a rebound.
2:47 of 1st period - Michal Handzus wins face-off versus Derek Roy in Jets zone.
2:56 of 1st period - Wrist shot by Michal Handzus.
2:56 of 1st period - Stopped by Maxime Daigneault with a rebound.
2:58 of 1st period - Slapshot by Andrew Ladd.
2:58 of 1st period - Shot Misses the Net.
3:00 of 1st period - Snap shot by Randy Jones.
3:00 of 1st period - Shot Misses the Net.
3:02 of 1st period - Slapshot by Randy Jones.
3:02 of 1st period - Stopped by Maxime Daigneault without a rebound.
3:03 of 1st period - Mikko Koivu wins face-off versus Mike Comrie in Jets zone.
3:08 of 1st period - Snap shot by Chuck Kobasew.
3:08 of 1st period - Stopped by Maxime Daigneault without a rebound.
3:08 of 1st period - Minor Penalty to Maxime Daigneault for Slashing.
3:09 of 1st period - Jason Pominville wins face-off versus Derek Roy in Jets zone.
3:18 of 1st period - Snap shot by Corey Perry.
3:18 of 1st period - Stopped by Maxime Daigneault with a rebound.
3:26 of 1st period - Penalty to Shane O'Brien is over, Shane O'Brien is back on ice.
3:54 of 1st period - Darroll Powe is hit by Sergei Gonchar and loses puck.
5:08 of 1st period - Penalty to Dmitri Kalinin is over, Dmitri Kalinin is back on ice.
5:14 of 1st period - Eric Fehr is hit by Michal Handzus and loses puck.
5:25 of 1st period - Wrist shot by Chuck Kobasew.
5:25 of 1st period - Shot Misses the Net.
5:27 of 1st period - Wrist shot by Michal Handzus.
5:27 of 1st period - Shot Blocked by Chris Phillips.
5:58 of 1st period - Snap shot by Jason Pominville.
5:58 of 1st period - Stopped by Maxime Daigneault with a rebound.
6:33 of 1st period - Dmitri Kalinin is hit by Brandon Yip and loses puck.
7:22 of 1st period - Ryan Getzlaf is hit by Marco Scandella and loses puck.
7:41 of 1st period - Snap shot by Mike Comrie.
7:41 of 1st period - Deflect By Ryan Smyth.
7:41 of 1st period - Shot Misses the Net.
7:41 of 1st period - Puck is out of play.
7:42 of 1st period - Blair Betts wins face-off versus Mike Comrie in Jets zone.
7:53 of 1st period - Wrist shot by Blair Betts.
7:53 of 1st period - Shot Blocked by Pernell Karl Subban.
7:55 of 1st period - Slapshot by Marco Scandella.
7:55 of 1st period - Shot Blocked by Ryan Smyth.
7:57 of 1st period - Wrist shot by Marco Scandella.
7:57 of 1st period - Deflect By Blair Betts.
7:57 of 1st period - Stopped by Jimmy Howard with a rebound.
8:30 of 1st period - Ryan Getzlaf is hit by Benoit Pouliot and loses puck.
8:39 of 1st period - Wrist shot by Dustin Brown.
8:39 of 1st period - Goal by Dustin Brown - Jets : 1 - Avalanche : 0.
8:40 of 1st period - Derek Roy wins face-off versus Ryan Getzlaf in neutral zone.
9:05 of 1st period - Jack Johnson is hit by Jarome Iginla.
9:47 of 1st period - Off-side.
9:48 of 1st period - Ryan Getzlaf wins face-off versus Derek Roy in neutral zone.
9:57 of 1st period - Wrist shot by Ryan Getzlaf.
9:57 of 1st period - Goal by Ryan Getzlaf - Jets : 1 - Avalanche : 1.
9:58 of 1st period - Bryan Little wins face-off versus Derek Roy in neutral zone.
10:00 of 1st period - Off-side.
10:01 of 1st period - Derek Roy wins face-off versus Bryan Little in neutral zone.
10:01 of 1st period - Dustin Brown is hit by Andrew Ladd and loses puck.
10:28 of 1st period - Wrist shot by Fredrik Sjostrom.
10:28 of 1st period - Stopped by Jimmy Howard without a rebound.
10:29 of 1st period - Darroll Powe wins face-off versus Ryan Getzlaf in Avalanche zone.
10:40 of 1st period - Snap shot by Corey Perry.
10:40 of 1st period - Shot Blocked by Adam Pardy.
11:08 of 1st period - Icing by Jason Pominville.
11:09 of 1st period - Bryan Little wins face-off versus Mikko Koivu in Avalanche zone.
11:24 of 1st period - Snap shot by Bryan Little.
11:24 of 1st period - Stopped by Maxime Daigneault without a rebound.
11:25 of 1st period - Derek Roy wins face-off versus Ryan Getzlaf in Jets zone.
11:59 of 1st period - Wrist shot by Jason Pominville.
11:59 of 1st period - Shot Blocked by Mikko Koivu.
12:37 of 1st period - Marco Scandella is hit by Michal Handzus.
13:43 of 1st period - Snap shot by Ryan Smyth.
13:43 of 1st period - Stopped by Maxime Daigneault without a rebound.
13:44 of 1st period - Derek Roy wins face-off versus Ryan Getzlaf in Jets zone.
14:10 of 1st period - Snap shot by Jussi Jokinen.
14:10 of 1st period - Shot Misses the Net.
14:12 of 1st period - Slapshot by Marco Scandella.
14:12 of 1st period - Stopped by Jimmy Howard without a rebound.
14:13 of 1st period - Jason Pominville wins face-off versus Mikko Koivu in Avalanche zone.
14:18 of 1st period - Snap shot by Mikko Koivu.
14:18 of 1st period - Goal by Mikko Koivu - Jets : 2 - Avalanche : 1.
14:19 of 1st period - Ryan Getzlaf wins face-off versus Dustin Brown in neutral zone.
14:19 of 1st period - Ryan Getzlaf is hit by Derek Roy.
15:04 of 1st period - Minor Penalty to Mikko Koivu for Holding.
15:05 of 1st period - Darroll Powe wins face-off versus Ryan Getzlaf in Jets zone.
15:14 of 1st period - Snap shot by Ryan Getzlaf.
15:14 of 1st period - Stopped by Maxime Daigneault without a rebound.
15:15 of 1st period - Corey Perry wins face-off versus Darroll Powe in Jets zone.
16:07 of 1st period - Backhand shot by Corey Perry.
16:07 of 1st period - Shot Blocked by Jarome Iginla.
16:09 of 1st period - Snap shot by Ryan Getzlaf.
16:09 of 1st period - Stopped by Maxime Daigneault without a rebound.
16:10 of 1st period - Bryan Little wins face-off versus Derek Roy in Jets zone.
16:11 of 1st period - Wrist shot by Jason Pominville.
16:11 of 1st period - Goal by Jason Pominville - Jets : 2 - Avalanche : 2.
16:12 of 1st period - Jason Pominville wins face-off versus Benoit Pouliot in neutral zone.
16:15 of 1st period - Slapshot by Jason Pominville.
16:15 of 1st period - Shot Misses the Net.
17:02 of 1st period - Slapshot by Andrei Markov.
17:02 of 1st period - Stopped by Jimmy Howard without a rebound.
17:03 of 1st period - Ryan Getzlaf wins face-off versus Darroll Powe in Avalanche zone.
17:16 of 1st period - Snap shot by Fredrik Sjostrom.
17:16 of 1st period - Deflect By Darroll Powe.
17:16 of 1st period - Shot Blocked by Mikkel Boedker.
17:16 of 1st period - Puck is out of play.
17:17 of 1st period - Bryan Little wins face-off versus Derek Roy in Avalanche zone.
17:17 of 1st period - Bryan Little is hit by Anton Volchenkov.
17:23 of 1st period - Slapshot by Jack Johnson.
17:23 of 1st period - Shot Misses the Net.
17:48 of 1st period - Slapshot by Jarome Iginla.
17:48 of 1st period - Stopped by Jimmy Howard without a rebound.
17:49 of 1st period - Mikko Koivu wins face-off versus Corey Perry in Avalanche zone.
17:55 of 1st period - Minor Penalty to Corey Perry for Roughing.
17:56 of 1st period - Mike Comrie wins face-off versus Benoit Pouliot in Avalanche zone.
18:33 of 1st period - Snap shot by Mikko Koivu.
18:33 of 1st period - Stopped by Jimmy Howard without a rebound.
18:34 of 1st period - Michal Handzus wins face-off versus Mikko Koivu in Avalanche zone.
18:58 of 1st period - Off-side.
18:59 of 1st period - Derek Roy wins face-off versus Mike Comrie in neutral zone.
19:32 of 1st period - Off-side.
19:33 of 1st period - Mikko Koivu wins face-off versus Michal Handzus in neutral zone.
19:48 of 1st period - Snap shot by Jussi Jokinen.
19:48 of 1st period - Stopped by Jimmy Howard with a rebound.
19:55 of 1st period - Penalty to Corey Perry is over, Corey Perry is back on ice.
Goals for this period are 2 for Jets vs 2 for Avalanche.
Shots for this period are 9 for Jets vs 12 for Avalanche.

2nd period


0:01 of 2nd period - Bryan Little wins face-off versus Derek Roy in neutral zone.
0:34 of 2nd period - Slapshot by Mikkel Boedker.
0:34 of 2nd period - Stopped by Maxime Daigneault without a rebound.
0:35 of 2nd period - Derek Roy wins face-off versus Ryan Getzlaf in Jets zone.
0:35 of 2nd period - Derek Roy is hit by Corey Perry.
1:27 of 2nd period - Chuck Kobasew is hit by Chris Phillips and loses puck.
1:47 of 2nd period - Snap shot by Benoit Pouliot.
1:47 of 2nd period - Shot Misses the Net.
1:49 of 2nd period - Snap shot by Anton Volchenkov.
1:49 of 2nd period - Deflect By Dustin Brown.
1:49 of 2nd period - Stopped by Jimmy Howard without a rebound.
1:50 of 2nd period - Derek Roy wins face-off versus Ryan Getzlaf in Avalanche zone.
2:42 of 2nd period - Ryan Smyth is hit by Dmitri Kalinin and loses puck.
2:47 of 2nd period - Snap shot by Tomas Kopecky.
2:47 of 2nd period - Stopped by Jimmy Howard with a rebound.
3:12 of 2nd period - Minor Penalty to Max Pacioretty for Interference.
3:13 of 2nd period - Mike Comrie wins face-off versus Derek Roy in Avalanche zone.
3:27 of 2nd period - Wrist shot by Mike Comrie.
3:27 of 2nd period - Shot Misses the Net.
4:18 of 2nd period - Jussi Jokinen is hit by Jack Johnson and loses puck.
5:12 of 2nd period - Penalty to Max Pacioretty is over, Max Pacioretty is back on ice.
5:23 of 2nd period - Randy Jones is hit by Chris Phillips and loses puck.
6:00 of 2nd period - Minor Penalty to Blair Betts for Cross-checking.
6:01 of 2nd period - Darroll Powe wins face-off versus Ryan Getzlaf in Jets zone.
6:01 of 2nd period - Darroll Powe is hit by Corey Perry.
6:48 of 2nd period - Icing by Ryan Getzlaf.
6:49 of 2nd period - Ryan Getzlaf wins face-off versus Darroll Powe in Avalanche zone.
7:18 of 2nd period - Slapshot by Jack Johnson.
7:18 of 2nd period - Shot Misses the Net.
7:50 of 2nd period - Marc Staal is hit by Benoit Pouliot and loses puck.
8:00 of 2nd period - Penalty to Blair Betts is over, Blair Betts is back on ice.
8:52 of 2nd period - Off-side.
8:53 of 2nd period - Mikko Koivu wins face-off versus Michal Handzus in neutral zone.
9:20 of 2nd period - Benoit Pouliot is hit by Corey Perry and loses puck.
10:07 of 2nd period - Snap shot by Jason Pominville.
10:07 of 2nd period - Shot Misses the Net.
10:19 of 2nd period - Bryan Little is hit by Dmitri Kalinin and loses puck.
10:50 of 2nd period - Snap shot by Corey Perry.
10:50 of 2nd period - Stopped by Maxime Daigneault without a rebound.
10:51 of 2nd period - Mikkel Boedker wins face-off versus Mikko Koivu in Jets zone.
10:59 of 2nd period - Minor Penalty to Dmitri Kalinin for High sticking.
11:00 of 2nd period - Ryan Getzlaf wins face-off versus Darroll Powe in Jets zone.
11:53 of 2nd period - Andrei Markov is hit by Bryan Little and loses puck.
12:59 of 2nd period - Penalty to Dmitri Kalinin is over, Dmitri Kalinin is back on ice.
13:17 of 2nd period - Max Pacioretty is hit by Marco Scandella and loses puck.
13:24 of 2nd period - Snap shot by Eric Fehr.
13:24 of 2nd period - Stopped by Jimmy Howard without a rebound.
13:25 of 2nd period - Dustin Brown wins face-off versus Mike Comrie in Avalanche zone.
14:14 of 2nd period - Wrist shot by Mikkel Boedker.
14:14 of 2nd period - Stopped by Maxime Daigneault without a rebound.
14:15 of 2nd period - Derek Roy wins face-off versus Bryan Little in Jets zone.
14:42 of 2nd period - Andrei Markov is hit by Ryan Getzlaf and loses puck.
14:48 of 2nd period - Minor Penalty to Anton Volchenkov for High sticking.
14:49 of 2nd period - Darroll Powe wins face-off versus Ryan Getzlaf in Jets zone.
15:14 of 2nd period - Dmitri Kalinin is hit by Bryan Little and loses puck.
16:07 of 2nd period - Ryan Getzlaf is hit by Dustin Brown and loses puck.
16:48 of 2nd period - Penalty to Anton Volchenkov is over, Anton Volchenkov is back on ice.
17:16 of 2nd period - Snap shot by Chuck Kobasew.
17:16 of 2nd period - Shot Misses the Net.
17:28 of 2nd period - Icing by Dmitri Kalinin.
17:29 of 2nd period - Darroll Powe wins face-off versus Andrew Ladd in Jets zone.
17:36 of 2nd period - Snap shot by Brandon Yip.
17:36 of 2nd period - Shot Misses the Net.
17:38 of 2nd period - Snap shot by Mike Comrie.
17:38 of 2nd period - Goal by Mike Comrie - Jets : 2 - Avalanche : 3.
17:39 of 2nd period - Derek Roy wins face-off versus Ryan Getzlaf in neutral zone.
18:04 of 2nd period - Marco Scandella is hit by Pernell Karl Subban and loses puck.
18:11 of 2nd period - Wrist shot by Corey Perry.
18:11 of 2nd period - Stopped by Maxime Daigneault with a rebound.
18:13 of 2nd period - Snap shot by Ryan Getzlaf.
18:13 of 2nd period - Shot Misses the Net.
18:15 of 2nd period - Wrist shot by Mikkel Boedker.
18:15 of 2nd period - Shot Blocked by Andrei Markov.
18:17 of 2nd period - Slapshot by Pernell Karl Subban.
18:17 of 2nd period - Shot Misses the Net.
18:19 of 2nd period - Snap shot by Ryan Getzlaf.
18:19 of 2nd period - Shot Misses the Net.
18:37 of 2nd period - Wrist shot by Mikkel Boedker.
18:37 of 2nd period - Deflect By Benoit Pouliot.
18:37 of 2nd period - Shot Misses the Net.
18:37 of 2nd period - Puck is out of play.
18:38 of 2nd period - Bryan Little wins face-off versus Mikko Koivu in Jets zone.
18:44 of 2nd period - Off-side.
18:45 of 2nd period - Bryan Little wins face-off versus Mikko Koivu in neutral zone.
19:14 of 2nd period - Snap shot by Jason Pominville.
19:14 of 2nd period - Deflect By Bryan Little.
19:14 of 2nd period - Stopped by Maxime Daigneault without a rebound.
19:15 of 2nd period - Tomas Kopecky wins face-off versus Mike Comrie in Jets zone.
Goals for this period are 0 for Jets vs 1 for Avalanche.
Shots for this period are 3 for Jets vs 6 for Avalanche.

3rd period


0:01 of 3rd period - Derek Roy wins face-off versus Bryan Little in neutral zone.
0:06 of 3rd period - Icing by Pernell Karl Subban.
0:07 of 3rd period - Derek Roy wins face-off versus Bryan Little in Avalanche zone.
0:08 of 3rd period - Slapshot by Benoit Pouliot.
0:08 of 3rd period - Stopped by Jimmy Howard without a rebound.
0:09 of 3rd period - Jason Pominville wins face-off versus Derek Roy in Avalanche zone.
0:14 of 3rd period - Dustin Brown is hit by Bryan Little and loses puck.
0:27 of 3rd period - Snap shot by Dustin Brown.
0:27 of 3rd period - Stopped by Jimmy Howard with a rebound.
0:29 of 3rd period - Snap shot by Anton Volchenkov.
0:29 of 3rd period - Shot Misses the Net.
0:31 of 3rd period - Snap shot by Dustin Brown.
0:31 of 3rd period - Shot Misses the Net.
0:33 of 3rd period - Wrist shot by Dmitri Kalinin.
0:33 of 3rd period - Shot Misses the Net.
0:35 of 3rd period - Slapshot by Dustin Brown.
0:35 of 3rd period - Stopped by Jimmy Howard with a rebound.
0:37 of 3rd period - Wrist shot by Anton Volchenkov.
0:37 of 3rd period - Stopped by Jimmy Howard without a rebound.
0:38 of 3rd period - Ryan Getzlaf wins face-off versus Mikko Koivu in Avalanche zone.
1:30 of 3rd period - Slapshot by Benoit Pouliot.
1:30 of 3rd period - Shot Misses the Net.
1:34 of 3rd period - Wrist shot by Dustin Brown.
1:34 of 3rd period - Stopped by Jimmy Howard with a rebound.
1:38 of 3rd period - Snap shot by Dustin Brown.
1:38 of 3rd period - Shot Misses the Net.
1:58 of 3rd period - Anton Volchenkov is hit by Jason Pominville and loses puck.
2:11 of 3rd period - Wrist shot by Mikkel Boedker.
2:11 of 3rd period - Shot Misses the Net.
2:17 of 3rd period - Wrist shot by Mikko Koivu.
2:17 of 3rd period - Deflect By Jarome Iginla.
2:17 of 3rd period - Stopped by Jimmy Howard with a rebound.
2:19 of 3rd period - Backhand shot by Mikko Koivu.
2:19 of 3rd period - Shot Blocked by Corey Perry.
2:21 of 3rd period - Slapshot by Jarome Iginla.
2:21 of 3rd period - Shot Misses the Net.
2:30 of 3rd period - Off-side.
2:31 of 3rd period - Darroll Powe wins face-off versus Mike Comrie in neutral zone.
3:34 of 3rd period - Icing by Shane O'Brien.
3:35 of 3rd period - Blair Betts wins face-off versus Michal Handzus in Avalanche zone.
3:44 of 3rd period - Slapshot by Eric Fehr.
3:44 of 3rd period - Stopped by Jimmy Howard with a rebound.
4:30 of 3rd period - Snap shot by Jussi Jokinen.
4:30 of 3rd period - Shot Misses the Net.
4:32 of 3rd period - Slapshot by Adam Pardy.
4:32 of 3rd period - Deflect By Jussi Jokinen.
4:32 of 3rd period - Goal by Jussi Jokinen - Jets : 3 - Avalanche : 3.
4:33 of 3rd period - Derek Roy wins face-off versus Ryan Getzlaf in neutral zone.
4:36 of 3rd period - Dustin Brown is hit by Mikkel Boedker.
5:47 of 3rd period - Slapshot by Pernell Karl Subban.
5:47 of 3rd period - Shot Misses the Net.
6:05 of 3rd period - Snap shot by Benoit Pouliot.
6:05 of 3rd period - Stopped by Jimmy Howard without a rebound.
6:06 of 3rd period - Ryan Getzlaf wins face-off versus Derek Roy in Avalanche zone.
6:10 of 3rd period - Off-side.
6:11 of 3rd period - Bryan Little wins face-off versus Derek Roy in neutral zone.
6:11 of 3rd period - Bryan Little is hit by Dustin Brown.
6:23 of 3rd period - Slapshot by Jason Pominville.
6:23 of 3rd period - Shot Misses the Net.
6:59 of 3rd period - Wrist shot by Eric Fehr.
6:59 of 3rd period - Shot Blocked by Mikkel Boedker.
7:07 of 3rd period - Snap shot by Curtis Glencross.
7:07 of 3rd period - Shot Blocked by Jack Johnson.
7:36 of 3rd period - Icing by Corey Perry.
7:37 of 3rd period - Andrew Ladd wins face-off versus Derek Roy in Avalanche zone.
7:42 of 3rd period - Bryan Little is hit by Benoit Pouliot and loses puck.
7:49 of 3rd period - Wrist shot by Sergei Gonchar.
7:49 of 3rd period - Shot Misses the Net.
8:23 of 3rd period - Adam Pardy is hit by Michal Handzus and loses puck.
8:34 of 3rd period - Wrist shot by Jussi Jokinen.
8:34 of 3rd period - Stopped by Jimmy Howard without a rebound.
8:35 of 3rd period - Bryan Little wins face-off versus Derek Roy in Avalanche zone.
8:40 of 3rd period - Wrist shot by Bryan Little.
8:40 of 3rd period - Shot Misses the Net.
8:42 of 3rd period - Slapshot by Randy Jones.
8:42 of 3rd period - Shot Blocked by Benoit Pouliot.
8:44 of 3rd period - Wrist shot by Jason Pominville.
8:44 of 3rd period - Stopped by Maxime Daigneault with a rebound.
8:46 of 3rd period - Snap shot by Bryan Little.
8:46 of 3rd period - Shot Blocked by Dmitri Kalinin.
8:48 of 3rd period - Slapshot by Jason Pominville.
8:48 of 3rd period - Shot Misses the Net.
8:50 of 3rd period - Slapshot by Randy Jones.
8:50 of 3rd period - Stopped by Maxime Daigneault with a rebound.
9:29 of 3rd period - Anton Volchenkov is hit by Mikkel Boedker and loses puck.
9:42 of 3rd period - Snap shot by Jussi Jokinen.
9:42 of 3rd period - Shot Misses the Net.
9:46 of 3rd period - Snap shot by Mikko Koivu.
9:46 of 3rd period - Goal by Mikko Koivu - Jets : 4 - Avalanche : 3.
9:47 of 3rd period - Derek Roy wins face-off versus Jason Pominville in neutral zone.
10:10 of 3rd period - Minor Penalty to Andrew Ladd for Interference.
10:11 of 3rd period - Mike Comrie wins face-off versus Derek Roy in Avalanche zone.
10:11 of 3rd period - Mike Comrie is hit by Benoit Pouliot.
10:25 of 3rd period - Wrist shot by Chuck Kobasew.
10:25 of 3rd period - Shot Blocked by Dmitri Kalinin.
10:27 of 3rd period - Snap shot by Mike Comrie.
10:27 of 3rd period - Stopped by Maxime Daigneault without a rebound.
10:28 of 3rd period - Mike Comrie wins face-off versus Derek Roy in Jets zone.
11:34 of 3rd period - Chuck Kobasew is hit by Dustin Brown and loses puck.
11:54 of 3rd period - Off-side.
11:55 of 3rd period - Mikko Koivu wins face-off versus Max Pacioretty in neutral zone.
11:58 of 3rd period - Shane O'Brien is hit by Mikko Koivu and loses puck.
12:10 of 3rd period - Penalty to Andrew Ladd is over, Andrew Ladd is back on ice.
12:29 of 3rd period - Wrist shot by Mikkel Boedker.
12:29 of 3rd period - Shot Misses the Net.
12:33 of 3rd period - Wrist shot by Corey Perry.
12:33 of 3rd period - Stopped by Maxime Daigneault with a rebound.
12:51 of 3rd period - Snap shot by Marc Staal.
12:51 of 3rd period - Stopped by Maxime Daigneault without a rebound.
12:52 of 3rd period - Mikko Koivu wins face-off versus Ryan Getzlaf in Jets zone.
12:57 of 3rd period - Slapshot by Marco Scandella.
12:57 of 3rd period - Stopped by Jimmy Howard with a rebound.
13:18 of 3rd period - Sergei Gonchar is hit by Fredrik Sjostrom.
15:46 of 3rd period - Darroll Powe is hit by Jack Johnson and loses puck.
16:07 of 3rd period - Wrist shot by Corey Perry.
16:07 of 3rd period - Deflect By Mikkel Boedker.
16:07 of 3rd period - Shot Misses the Net.
16:07 of 3rd period - Puck is out of play.
16:08 of 3rd period - Ryan Getzlaf wins face-off versus Derek Roy in Jets zone.
16:19 of 3rd period - Wrist shot by Derek Roy.
16:19 of 3rd period - Deflect By Corey Perry.
16:19 of 3rd period - Stopped by Jimmy Howard without a rebound.
16:20 of 3rd period - Michal Handzus wins face-off versus Darroll Powe in Avalanche zone.
16:31 of 3rd period - Wrist shot by Tomas Kopecky.
16:31 of 3rd period - Stopped by Jimmy Howard without a rebound.
16:32 of 3rd period - Darroll Powe wins face-off versus Mike Comrie in Avalanche zone.
16:33 of 3rd period - Snap shot by Fredrik Sjostrom.
16:33 of 3rd period - Shot Blocked by Shane O'Brien.
16:35 of 3rd period - Slapshot by Dmitri Kalinin.
16:35 of 3rd period - Shot Blocked by Shane O'Brien.
16:37 of 3rd period - Slapshot by Dmitri Kalinin.
16:37 of 3rd period - Deflect By Darroll Powe.
16:37 of 3rd period - Stopped by Jimmy Howard without a rebound.
16:38 of 3rd period - Darroll Powe wins face-off versus Mike Comrie in Avalanche zone.
16:49 of 3rd period - Wrist shot by Tomas Kopecky.
16:49 of 3rd period - Shot Hit the Post.
17:03 of 3rd period - Slapshot by Shane O'Brien.
17:03 of 3rd period - Stopped by Maxime Daigneault with a rebound.
17:05 of 3rd period - Slapshot by Michal Handzus.
17:05 of 3rd period - Shot Blocked by Dustin Brown.
17:07 of 3rd period - Snap shot by Chuck Kobasew.
17:07 of 3rd period - Shot Blocked by Dmitri Kalinin.
17:09 of 3rd period - Snap shot by Michal Handzus.
17:09 of 3rd period - Stopped by Maxime Daigneault without a rebound.
17:10 of 3rd period - Darroll Powe wins face-off versus Max Pacioretty in Jets zone.
17:24 of 3rd period - Marc Staal is hit by Marco Scandella and loses puck.
17:49 of 3rd period - Slapshot by Darroll Powe.
17:49 of 3rd period - Shot Blocked by Chuck Kobasew.
17:51 of 3rd period - Slapshot by Marco Scandella.
17:51 of 3rd period - Stopped by Jimmy Howard without a rebound.
17:52 of 3rd period - Mike Comrie wins face-off versus Dustin Brown in Avalanche zone.
17:57 of 3rd period - Backhand shot by Marc Staal.
17:57 of 3rd period - Stopped by Maxime Daigneault without a rebound.
17:58 of 3rd period - Mike Comrie wins face-off versus Derek Roy in Jets zone.
18:09 of 3rd period - Ryan Smyth is hit by Dustin Brown and loses puck.
18:32 of 3rd period - Backhand shot by Eric Fehr.
18:32 of 3rd period - Deflect By Blair Betts.
18:32 of 3rd period - Shot Misses the Net.
18:32 of 3rd period - Puck is out of play.
18:33 of 3rd period - Michal Handzus wins face-off versus Darroll Powe in Avalanche zone.
19:11 of 3rd period - Wrist shot by Jussi Jokinen.
19:11 of 3rd period - Shot Blocked by Randy Jones.
19:13 of 3rd period - Snap shot by Jussi Jokinen.
19:13 of 3rd period - Stopped by Jimmy Howard with a rebound.
19:45 of 3rd period - Avalanche, Jimmy Howard is pulled from the net.
19:47 of 3rd period - Wrist shot by Corey Perry.
19:47 of 3rd period - Stopped by Maxime Daigneault with a rebound.
19:56 of 3rd period - Slapshot by Jussi Jokinen.
19:56 of 3rd period - Shot Blocked by Randy Jones.
19:58 of 3rd period - Slapshot by Dustin Brown.
19:58 of 3rd period - Goal by Dustin Brown - Jets : 5 - Avalanche : 3.
19:58 of 3rd period - Jimmy Howard from Avalanche was sent back in the game.
19:59 of 3rd period - Ryan Getzlaf wins face-off versus Darroll Powe in neutral zone.
Goals for this period are 3 for Jets vs 0 for Avalanche.
Shots for this period are 18 for Jets vs 9 for Avalanche.


Output by the SimonT Hockey Simulator (STHS) for François Prévost -- Original Page W3C XHTML 1.0 Valid
Hockey Simulator - Hockey Simulation - Hockey Manager